Cogmind - Beta 13 @@@ ROGUE MODE // 2024.04.27 @ 20:46:00 Player: Kate+Gabe4evr Result: Destroyed by S-27 Virus with Autogun Performance ------------- Evolutions (5) 2500 Regions Visited (11) 2200 Robots Destroyed (84) 420 Value Destroyed (2989) 2989 Prototype IDs (12) 240 Alien Tech Used (0) 0 Bonus (464) 464 TOTAL SCORE: 8813 Bonus ------- High Alert Combat Kills 53 Follower Combat Kills 111 Met Data Miner 300 Cogmind --------- Core Integrity 0/1000 Matter 258/300 Energy 100/100 System Corruption 2% Temperature Cool (0) Movement Core (50) Location -5/Factory Parts ------- > --- POWER (2) -------- (None) > --- PROPULSION (5) --- (None) > --- UTILITY (6) ------ (None) > --- WEAPON (4) ------- (None) > --- INVENTORY (5) ---- Energy Filter Plasma Rifle Peak State ------------ > --- POWER ------------ Improved Deuterium Engine Enhanced Nuclear Core > --- PROPULSION ------- Armored Wheel Armored Wheel Armored Wheel Armored Wheel Armored Wheel > --- UTILITY ---------- Improved Cryofiber Web Improved Cooling System Improved Light Armor Plating > --- WEAPON ----------- Gauss Rifle Scythe Scythe > --- INVENTORY -------- Energy Filter [Rating: 41] Favorites ----------- Power Light Nuclear Core Engine Ion Engine Power Core Light Nuclear Core Propulsion Light Treads Treads Light Treads Leg Aluminum Leg Wheel Armored Wheel Flight Unit Nuclear Pulse Thruster Utility Medium Storage Unit Device Transmission Jammer Storage Medium Storage Unit Processor Advanced Visual Processing Unit Protection Core Shielding Weapon Flak Cannon Energy Gun Medium Laser Ballistic Gun Light Assault Rifle Ballistic Cannon Flak Cannon Slashing Weapon Scythe Build | -11 -10 -9 -8 -7 -7 -7 -6 -6 -6 -5 -5 ------- Run | Yrd Mat Mat Mat Fac Low Low Fac Low Dat Pro Fac Slots Evolved 10 | . . 2 2 2 . . 2 . . . 2 Power 1 | . . . . . . . . . . . 1 Propulsion 3 | . . 2 . . . . 1 . . . . Utility 4 | . . . 1 1 . . 1 . . . 1 Weapon 2 | . . . 1 1 . . . . . . . Parts Attached 79 | 6 1 14 9 22 1 . 2 . . 2 22 Power 12 | 1 . 3 1 3 . . 1 . . . 3 Engine 6 | 1 . 3 . 1 . . . . . . 1 Core 6 | . . . 1 2 . . 1 . . . 2 Reactor . | . . . . . . . . . . . . Propulsion 23 | 2 . 5 3 4 1 . 1 . . 2 5 Treads 9 | . . 5 3 1 . . . . . . . Leg 5 | 2 . . . 3 . . . . . . . Wheel 6 | . . . . . 1 . . . . . 5 Hover . | . . . . . . . . . . . . Flight 3 | . . . . . . . 1 . . 2 . Utility 16 | 1 1 1 2 5 . . . . . . 6 Device 5 | . . . 1 . . . . . . . 4 Storage 2 | 1 1 . . . . . . . . . . Processor 6 | . . . 1 4 . . . . . . 1 Hackware . | . . . . . . . . . . . . Protection 3 | . . 1 . 1 . . . . . . 1 Artifact . | . . . . . . . . . . . . Weapon 28 | 2 . 5 3 10 . . . . . . 8 Energy Gun 9 | 1 . 1 . 5 . . . . . . 2 Energy Cannon . | . . . . . . . . . . . . Ballistic Gun 10 | 1 . 2 1 2 . . . . . . 4 Ballistic Cannon 7 | . . 2 2 3 . . . . . . . Launcher . | . . . . . . . . . . . . Special Weapon . | . . . . . . . . . . . . Impact Weapon . | . . . . . . . . . . . . Slashing Weapon 2 | . . . . . . . . . . . 2 Piercing Weapon . | . . . . . . . . . . . . Special Melee Weapon . | . . . . . . . . . . . . Unidentified Prototypes 2 | . . . 1 . . . . . . . 1 Parts Lost 50 | . . 2 2 10 9 . 1 . . 3 23 Power 5 | . . . . 1 . . 1 . . . 3 Propulsion 17 | . . . 2 4 3 . . . . 2 6 Utility 11 | . . . . 1 3 . . . . 1 6 Weapon 17 | . . 2 . 4 3 . . . . . 8 Highest Loss Streak 10 | . . 1 1 3 4 . 1 . . 3 10 To Critical Strikes 1 | . . . . . . . . . . . 1 Average Slot Usage (%) 74 | . 85 92 97 79 57 7 11 13 13 13 41 Engine 5 | . 14 11 . 2 . . . . . . 2 Core 2 | . . . 8 4 5 . . . . . 2 Treads 11 | . . 22 34 10 . . . . . . . Leg 9 | . 28 13 . 4 11 . . . . . . Device 2 | . . . 8 5 . . . . . . 7 Storage 8 | . 14 11 9 7 5 . . . . . . Processor 5 | . . . 8 14 10 7 6 6 6 5 1 Protection 2 | . . 10 . 1 5 . . . . . . Energy Gun 7 | . 14 10 . 9 8 . . . . . 1 Ballistic Gun 5 | . 14 8 . 4 5 . . . . . 3 Ballistic Cannon 7 | . . 3 26 14 1 . . . . . . Naked Turns 27 | . . . . . . . . . . . 27 Heaviest Build 41 | 13 18 28 34 41 36 . 5 . . . 32 Greatest Support 80 | 20 20 80 80 60 35 3 6 6 6 8 60 Greatest Overweight (x) 12 | . . 1 . 12 8 . . . . . 3 Average Overweight (x) . | . . . . . . . . . . . . Largest Inventory Capacity 10 | 8 10 10 10 10 10 5 5 5 5 5 5 Average Capacity 8 | 6 9 10 10 10 8 5 5 5 5 5 5 Most Carried 10 | 2 4 10 10 10 6 5 5 5 5 5 5 Average Carried 6 | . 3 8 9 8 5 5 4 4 5 5 2 Final Capacity 10 | 8 10 10 10 10 5 5 5 5 5 5 5 Final Carried 10 | 2 4 7 10 6 5 5 4 5 5 5 2 Class Distribution -------------------- 47% | Mutant 17% | Scavenger-Mutant 11% | Scavenger-Skirmisher 10% | Scavenger-Gunner 9% | Gunner Dominant Class ---------------- Mutant | -10/Materials Scavenger-Mutant | -9/Materials Scavenger-Skirmisher | -8/Materials Gunner | -7/Factory Scavenger-Gunner | -7/Lower Caves Mutant | -7/Lower Caves Mutant | -6/Factory Mutant | -6/Lower Caves Mutant | -6/Data Miner Mutant | -5/Proximity Caves Mutant | -5/Factory Resources | -11 -10 -9 -8 -7 -7 -7 -6 -6 -6 -5 -5 ----------- Run | Yrd Mat Mat Mat Fac Low Low Fac Low Dat Pro Fac Matter Collected 2378 | 248 32 303 483 757 249 6 . 14 . 1 285 Remotely . | . . . . . . . . . . . . Salvage Created 2865 | . 245 593 537 816 153 . . . . . 521 Parts 149 | . 18 28 24 39 3 . . . . . 37 Haulers Intercepted 1 | . . . 1 . . . . . . . . Recyclers Shooed 2 | . . . . 1 . . . . . . 1 Parts Field Recycled . | . . . . . . . . . . . . Retrieved Matter . | . . . . . . . . . . . . Parts Self-Destructed 3 | . . . . . 3 . . . . . . Prevented . | . . . . . . . . . . . . Kills | -11 -10 -9 -8 -7 -7 -7 -6 -6 -6 -5 -5 ------- Run | Yrd Mat Mat Mat Fac Low Low Fac Low Dat Pro Fac Combat Hostiles Destroyed 70 | . 6 16 17 18 4 . . . . . 9 Melee 4 | . . . . . . . . . . . 4 Guns 33 | . 6 12 . 6 4 . . . . . 5 Cannons 33 | . . 4 17 12 . . . . . . . Classes Destroyed 15 | . 4 1 6 3 . . . . . . 1 Worker 4 | . . . 1 1 . . . . . . 2 Builder 1 | . . . . . . . . . . . 1 Hauler 1 | . . . 1 . . . . . . . . Recycler 3 | . . . . 3 . . . . . . . Operator 1 | . 1 . . . . . . . . . . Watcher 4 | . 2 . . 2 . . . . . . . Swarmer 15 | . 3 4 . 5 . . . . . . 3 Cutter 1 | . . . 1 . . . . . . . . Grunt 31 | . 3 7 9 5 3 . . . . . 4 Brawler 1 | . . . 1 . . . . . . . . Duelist 2 | . . . . 2 . . . . . . . Sentry 14 | . . 5 4 5 . . . . . . . Hunter 4 | . . . 1 . 1 . . . . . 2 Programmer 1 | . . . . 1 . . . . . . . Heavy 1 | . . . 1 . . . . . . . . Best Kill Streak 8 | . 4 4 8 4 3 . . . . . 4 Combat Bots Only 7 | . 3 4 7 4 3 . . . . . 3 Max Kills in Single Turn 2 | . 1 1 1 2 1 . . . . . 1 Gunslinging . | . . . . . . . . . . . . Exploded . | . . . . . . . . . . . . Melee 1 | . . . . . . . . . . . 1 Uniques/NPCs Destroyed . | . . . . . . . . . . . . Combat | -11 -10 -9 -8 -7 -7 -7 -6 -6 -6 -5 -5 -------- Run | Yrd Mat Mat Mat Fac Low Low Fac Low Dat Pro Fac Hostile Shots Fired 693 | . 19 97 42 161 90 . 44 . . 14 226 Missed 210 | . 4 29 11 62 24 . 19 . . 8 53 Damage Taken 7360 | . 143 817 753 1296 953 . 433 . . 134 2831 Core 2263 | . 55 103 32 223 395 . 374 . . 70 1011 Absorbed by Shields . | . . . . . . . . . . . . Redirected to Shielding 21 | . . 21 . . . . . . . . . Core Remaining (%) 67 | 100 78 74 94 . . 11 . . . 47 . Volleys Fired 219 | . 25 48 35 48 13 . . . . . 50 Largest 4 | . 2 2 3 4 4 . . . . . 2 Hottest 221 | . 70 100 132 221 217 . . . . . 86 Shots Fired 474 | . 50 95 105 137 31 . . . . . 56 Gun 298 | . 50 84 . 80 28 . . . . . 56 Cannon 176 | . . 11 105 57 3 . . . . . . Launcher . | . . . . . . . . . . . . Special . | . . . . . . . . . . . . Kinetic 328 | . 25 48 105 82 16 . . . . . 52 Thermal 144 | . 25 47 . 55 15 . . . . . 2 Explosive . | . . . . . . . . . . . . Electromagnetic 2 | . . . . . . . . . . . 2 Robot Hit Streak 29 | . 12 29 8 17 7 . . . . . 12 Robot Miss Streak 16 | . 2 6 16 11 5 . . . . . 4 Penetration Max 1 | . . . . . . . . . . . 1 Secondary Targets 4 | . . 2 . . 1 . . . . . 1 Max Gunslinging Chain 1 | . . 1 . . 1 . . . . . 1 Shots Hit Robots 360 | . 33 71 82 96 23 . . . . . 55 Core Hits 289 | . 18 30 94 101 21 . . . . . 25 Critical Kills . | . . . . . . . . . . . . Critical Parts Destroyed . | . . . . . . . . . . . . Critical Strikes 10 | . 3 4 . 1 . . . . . . 2 Burn 8 | . 3 4 . 1 . . . . . . . Sever 2 | . . . . . . . . . . . 2 Melee Attacks 27 | . . . . . . . . . . . 27 Impact . | . . . . . . . . . . . . Slashing 27 | . . . . . . . . . . . 27 Piercing . | . . . . . . . . . . . . Sneak Attacks 3 | . . . . . . . . . . . 3 Combat Hostiles . | . . . . . . . . . . . . Follow-up Attacks 3 | . . . . . . . . . . . 3 Damage Inflicted 6580 | 6 360 1049 1558 1855 415 . 1 . . . 1336 Guns 3285 | . 334 847 . 1086 341 . . . . . 677 Cannons 2537 | . . 194 1542 761 40 . . . . . . Explosions . | . . . . . . . . . . . . Melee 659 | . . . . . . . . . . . 659 Ramming 99 | 6 26 8 16 8 34 . 1 . . . . Kinetic 4201 | . 147 559 1542 1143 184 . . . . . 626 Thermal 1603 | . 187 482 . 704 197 . . . . . 33 Explosive . | . . . . . . . . . . . . Electromagnetic 18 | . . . . . . . . . . . 18 Impact . | . . . . . . . . . . . . Slashing 659 | . . . . . . . . . . . 659 Piercing . | . . . . . . . . . . . . Highest Corruption 2 | . . 1 1 1 1 1 . . . . 2 Average Corruption 1 | . . 1 1 1 1 1 . . . . 1 Corruption Purged . | . . . . . . . . . . . . Corruption Blocked . | . . . . . . . . . . . . Effects 10 | . . 1 . 1 6 1 . . . . 1 Message Errors 3 | . . . . . 2 . . . . . 1 Matter Fused 2 | . . . . 1 . 1 . . . . . Heat Flow Errors 1 | . . . . . 1 . . . . . . Energy Discharges 3 | . . . . . 3 . . . . . . Data Loss (minor) 1 | . . 1 . . . . . . . . . Overload Shots . | . . . . . . . . . . . . Overflow Damage 52 | . . . . . 15 . . . . . 37 Projectiles . | . . . . . . . . . . . . Explosions . | . . . . . . . . . . . . Melee 52 | . . . . . 15 . . . . . 37 Knockbacks 50 | . 1 4 30 15 . . . . . . . Impact 2 | . 1 1 . . . . . . . . . Kinetic 46 | . . 3 28 15 . . . . . . . Secondary 2 | . . . 2 . . . . . . . . Self-Inflicted Damage . | . . . . . . . . . . . . Shots . | . . . . . . . . . . . . Rammed 3 | . . 1 1 . . . 1 . . . . Targets Rammed 21 | 4 8 2 1 1 4 . 1 . . . . Kicked 18 | 4 8 1 . 1 4 . . . . . . Crushed . | . . . . . . . . . . . . Highest Temperature 760 | . 215 243 339 760 492 . . . . . . Average Temperature 140 | . 70 58 97 233 219 . . . . . . Received Heat Transfer 1908 | . 51 276 243 345 366 . 171 . . 45 411 Effects 37 | . . . 2 29 6 . . . . . . Shutdowns 9 | . . . . 6 3 . . . . . . Energy Bleed 5 | . . . . 5 . . . . . . . Interference 5 | . . . 2 1 2 . . . . . . Matter Decay 4 | . . . . 3 1 . . . . . . Short Circuit 6 | . . . . 6 . . . . . . . Damage (minor) 3 | . . . . 3 . . . . . . . Damage (major) 4 | . . . . 4 . . . . . . . Damage (core) 1 | . . . . 1 . . . . . . . Siege Activations . | . . . . . . . . . . . . Robots Corrupted . | . . . . . . . . . . . . Combat Hostiles . | . . . . . . . . . . . . Parts Fried . | . . . . . . . . . . . . Impact Corruptions 2 | . . . . . 2 . . . . . . Robots Melted . | . . . . . . . . . . . . Combat Hostiles . | . . . . . . . . . . . . Parts Melted 3 | . 1 1 . . 1 . . . . . . Heat Transferred 4429 | . 777 1554 . 1590 434 . . . . . 74 Parts Sabotaged . | . . . . . . . . . . . . Parts Stolen . | . . . . . . . . . . . . Parts Stripped . | . . . . . . . . . . . . Power Chain Reactions . | . . . . . . . . . . . . Alert | -11 -10 -9 -8 -7 -7 -7 -6 -6 -6 -5 -5 ------- Run | Yrd Mat Mat Mat Fac Low Low Fac Low Dat Pro Fac Peak Influence 518 | . 132 276 518 297 . . 250 . . . 140 Initial 167 | . . 38 101 167 . . 5 . . . . Average 149 | . 48 147 254 211 . . 155 . . . 50 Maximum Alert Level 2 | . . 1 2 1 . . 1 . . . . Low Security (%) 70 | 100 100 76 42 48 . . 57 . . . 100 Level 1 25 | . . 23 38 51 . . 42 . . . . Level 2 3 | . . . 18 . . . . . . . . Level 3 . | . . . . . . . . . . . . Level 4 . | . . . . . . . . . . . . Level 5 . | . . . . . . . . . . . . High Security . | . . . . . . . . . . . . Max Security . | . . . . . . . . . . . . Squads Dispatched 10 | . 1 2 3 3 . . . . . . 1 Investigation 2 | . 1 1 . . . . . . . . . Extermination 1 | . . . . 1 . . . . . . . Reinforcement 4 | . . 1 3 . . . . . . . . Assault . | . . . . . . . . . . . . Garrison 3 | . . . . 2 . . . . . . 1 Intercept . | . . . . . . . . . . . . Searches Triggered . | . . . . . . . . . . . . Construction Impeded . | . . . . . . . . . . . . Haulers Reinforced . | . . . . . . . . . . . . Active Scanning Responses . | . . . . . . . . . . . . Cargo Convoy Interrupts . | . . . . . . . . . . . . Stealth | -11 -10 -9 -8 -7 -7 -7 -6 -6 -6 -5 -5 --------- Run | Yrd Mat Mat Mat Fac Low Low Fac Low Dat Pro Fac Distress Signals 6 | . 1 2 1 1 . . 1 . . . . Communications Jammed 35 | . . . 32 3 . . . . . . . Distress Signals 29 | . . . 29 . . . . . . . . Times Spotted 139 | . 11 27 31 23 10 . 12 . . 8 17 Peak Tracking Total 11 | . 4 6 6 4 6 . 11 . . 4 5 Tactical Retreats 15 | . 2 1 3 . 1 . 5 . . 1 2 Traps | -11 -10 -9 -8 -7 -7 -7 -6 -6 -6 -5 -5 ------- Run | Yrd Mat Mat Mat Fac Low Low Fac Low Dat Pro Fac Traps Triggered 7 | . 1 1 2 . . . 3 . . . . Indirectly . | . . . . . . . . . . . . Trap Hack Attempts . | . . . . . . . . . . . . Triggered . | . . . . . . . . . . . . Disarmed . | . . . . . . . . . . . . Reprogrammed . | . . . . . . . . . . . . Reused . | . . . . . . . . . . . . Traps Extracted . | . . . . . . . . . . . . Installed . | . . . . . . . . . . . . Triggered 1 | . . . . . . . . . . 1 . Machines | -11 -10 -9 -8 -7 -7 -7 -6 -6 -6 -5 -5 ---------- Run | Yrd Mat Mat Mat Fac Low Low Fac Low Dat Pro Fac Machines Disabled . | . . . . . . . . . . . . Max in Single Turn . | . . . . . . . . . . . . Machines Repaired . | . . . . . . . . . . . . Machines Dismantled . | . . . . . . . . . . . . Machines Sabotaged . | . . . . . . . . . . . . Overloaded Fab Kills . | . . . . . . . . . . . . Hacking | -11 -10 -9 -8 -7 -7 -7 -6 -6 -6 -5 -5 --------- Run | Yrd Mat Mat Mat Fac Low Low Fac Low Dat Pro Fac Machines Accessed 6 | . . 2 . . . . . . 4 . . Terminals 2 | . . 2 . . . . . . . . . Fabricators . | . . . . . . . . . . . . Repair Stations . | . . . . . . . . . . . . Recycling Units . | . . . . . . . . . . . . Scanalyzers . | . . . . . . . . . . . . Garrison Access . | . . . . . . . . . . . . Total Hacks 32 | . . 3 . . . . . . 29 . . Successful 29 | . . . . . . . . . 29 . . Failed 3 | . . 3 . . . . . . . . . Catastrophic 2 | . . 2 . . . . . . . . . Database Lockouts . | . . . . . . . . . . . . Manual 3 | . . 3 . . . . . . . . . Terminals 3 | . . 3 . . . . . . . . . Fabricators . | . . . . . . . . . . . . Repair Stations . | . . . . . . . . . . . . Recycling Units . | . . . . . . . . . . . . Scanalyzers . | . . . . . . . . . . . . Garrison Access . | . . . . . . . . . . . . Terminal Hacks 29 | . . . . . . . . . 29 . . Record 11 | . . . . . . . . . 11 . . Part Schematic 10 | . . . . . . . . . 10 . . Robot Schematic 5 | . . . . . . . . . 5 . . Prototype ID Bank 3 | . . . . . . . . . 3 . . Fabricator Hacks . | . . . . . . . . . . . . Repair Station Hacks . | . . . . . . . . . . . . Recycling Unit Hacks . | . . . . . . . . . . . . Scanalyzer . | . . . . . . . . . . . . Garrison Access Hacks . | . . . . . . . . . . . . Unauthorized Hacks . | . . . . . . . . . . . . Terminals . | . . . . . . . . . . . . Fabricators . | . . . . . . . . . . . . Repair Stations . | . . . . . . . . . . . . Recycling Units . | . . . . . . . . . . . . Scanalyzers . | . . . . . . . . . . . . Garrison Access . | . . . . . . . . . . . . Data Cores Recovered 1 | . 1 . . . . . . . . . . Used . | . . . . . . . . . . . . Hacking Detections 1 | . . 1 . . . . . . . . . Full Trace Events 1 | . . 1 . . . . . . . . . Feedback Events . | . . . . . . . . . . . . Feedback Blocked . | . . . . . . . . . . . . Robot Schematics Acquired 5 | . . . . . . . . . 5 . . Robots Built . | . . . . . . . . . . . . Authchips . | . . . . . . . . . . . . Time . | . . . . . . . . . . . . Total Robot Build Rating . | . . . . . . . . . . . . Part Schematics Acquired 10 | . . . . . . . . . 10 . . Parts Built . | . . . . . . . . . . . . Authchips . | . . . . . . . . . . . . Time . | . . . . . . . . . . . . Total Part Build Rating . | . . . . . . . . . . . . Parts Repaired . | . . . . . . . . . . . . Time . | . . . . . . . . . . . . Parts Recycled . | . . . . . . . . . . . . Recycled Matter . | . . . . . . . . . . . . Retrieved Matter . | . . . . . . . . . . . . Retrieved Components . | . . . . . . . . . . . . Parts Scanalyzed . | . . . . . . . . . . . . Part Schematics Acquired . | . . . . . . . . . . . . Parts Damaged . | . . . . . . . . . . . . Bothacking | -11 -10 -9 -8 -7 -7 -7 -6 -6 -6 -5 -5 ------------ Run | Yrd Mat Mat Mat Fac Low Low Fac Low Dat Pro Fac Used RIF Installer . | . . . . . . . . . . . . Robots Hacked . | . . . . . . . . . . . . Non-combat . | . . . . . . . . . . . . Combat . | . . . . . . . . . . . . Robot Hacks Applied . | . . . . . . . . . . . . Relay Couplers Released . | . . . . . . . . . . . . Fabnet Peak Effective % . | . . . . . . . . . . . . Robots Rewired . | . . . . . . . . . . . . Allies Hacked . | . . . . . . . . . . . . Hacks Repelled . | . . . . . . . . . . . . Allies | -11 -10 -9 -8 -7 -7 -7 -6 -6 -6 -5 -5 -------- Run | Yrd Mat Mat Mat Fac Low Low Fac Low Dat Pro Fac Total Allies 1 | . . . . . . . . . . 1 . Largest Group 1 | . . . . . . . . . . 1 . Highest-Rated Group 96 | . . . . . . . . . . 96 . Highest-Rated Ally 96 | . . . . . . . . . . 96 . Total Orders . | . . . . . . . . . . . . Ally Attacks 6 | . . . . . . . . . . 6 . Total Damage 241 | . . . . . . . . . . 241 . Kills 3 | . . . . . . . . . . 3 . Allies Corrupted . | . . . . . . . . . . . . Allies Melted . | . . . . . . . . . . . . Intel | -11 -10 -9 -8 -7 -7 -7 -6 -6 -6 -5 -5 ------- Run | Yrd Mat Mat Mat Fac Low Low Fac Low Dat Pro Fac Robot Analysis Total . | . . . . . . . . . . . . Derelict Logs Recovered 2 | . . . . . . 1 . . . 1 . Drone Launches . | . . . . . . . . . . . . Drone Recoveries . | . . . . . . . . . . . . Exploration | -11 -10 -9 -8 -7 -7 -7 -6 -6 -6 -5 -5 ------------- Run | Yrd Mat Mat Mat Fac Low Low Fac Low Dat Pro Fac Turns Passed 5086 | 82 977 972 822 958 402 68 264 37 37 109 358 Spaces Moved 3372 | 66 541 473 390 344 282 104 491 86 91 268 236 Core 507 | 18 . . . 3 156 104 148 . . . 78 Treads 942 | . . 287 390 265 . . . . . . . Legs 969 | 48 541 186 . 76 118 . . . . . . Wheels 97 | . . . . . 8 . . . . . 89 Hover . | . . . . . . . . . . . . Flight 857 | . . . . . . . 343 86 91 268 69 Fastest Speed 32 | 50 120 120 160 120 50 50 40 40 40 32 35 Average Speed 111 | 100 120 157 160 213 123 50 43 40 40 38 64 Slowest Speed 650 | 120 120 240 160 650 450 50 50 40 40 40 200 Overloaded Moves . | . . . . . . . . . . . . Propulsion Burnouts . | . . . . . . . . . . . . Robots Hopped 7 | . . . . . . . 6 . . . 1 Cave-ins Triggered . | . . . . . . . . . . . . Exploration Rate (%) 34 | 5 86 39 40 7 49 18 19 20 71 50 8 Regions Visited 11 Branch Regions 5 Pre-discovered Areas 1 | . . . . . . . . . 1 . . Known Exits Taken 1 | . . . . . . . 1 . . . . Unknown Exits Taken 10 | 1 1 1 1 1 1 1 . 1 1 1 . Scrap Searched 2 | . . . . . . 1 . 1 . . . Spaces Dug . | . . . . . . . . . . . . Terrain Destroyed . | . . . . . . . . . . . . Melee . | . . . . . . . . . . . . Projectile . | . . . . . . . . . . . . AOE . | . . . . . . . . . . . . Terrain Rammed . | . . . . . . . . . . . . Walls Destroyed . | . . . . . . . . . . . . Machines Disabled . | . . . . . . . . . . . . Actions | -11 -10 -9 -8 -7 -7 -7 -6 -6 -6 -5 -5 --------- Run | Yrd Mat Mat Mat Fac Low Low Fac Low Dat Pro Fac Total 4233 | 77 822 608 511 463 304 119 536 88 90 271 344 Wait 426 | . 246 50 57 36 2 16 4 . . 2 13 Move 3349 | 65 540 472 389 343 281 103 480 85 90 267 234 Hop 5 | . . . . . . . 4 . . . 1 Pick Up 30 | 2 1 10 11 3 . . . 2 . . 1 Fast Attach 42 | 6 1 3 1 9 1 . 1 . . 2 18 Attach 22 | . . 4 3 10 . . 1 . . . 4 Detach 10 | . 1 2 . 7 . . . . . . . Swap 15 | . . 7 5 3 . . . . . . . Drop 26 | . . 10 9 3 3 . . 1 . . . Fire 219 | . 25 48 35 48 13 . . . . . 50 Melee 23 | . . . . . . . . . . . 23 Ram 1 | . . . . . . . 1 . . . . Kick 18 | 4 8 1 . 1 4 . . . . . . Crush 2 | . . 1 1 . . . . . . . . Escape Stasis 45 | . . . . . . . 45 . . . . Rewire . | . . . . . . . . . . . . Trap . | . . . . . . . . . . . . Miscellaneous . | . . . . . . . . . . . . Route ------- -11/Scrapyard -10/Materials (discovered 5 exits: *Mat x3 / [*Min x2]) -9/Materials (discovered 2 exits: [*Mat] / [*Min]) -8/Materials -7/Factory -7/Lower Caves -7/Lower Caves -6/Factory (discovered 2 exits: *Low x2) -6/Lower Caves -6/Data Miner -5/Proximity Caves -5/Factory History --------- Turn | Location | Event 2 | -11/Scrapyard | Met Revision 17 8 | -11/Scrapyard | Discovered new exit (range 15) 83 | -11/Scrapyard | Entered Materials 303 | -10/Materials | Build established: Mutant 436 | -10/Materials | Discovered new exit (range 5) 538 | -10/Materials | Discovered new exit (range 8) 610 | -10/Materials | Discovered new exit (range 8) 655 | -10/Materials | Discovered new exit (range 11) 1031 | -10/Materials | Discovered new exit (range 4) 1060 | -10/Materials | Entered another Materials area 1060 | -9/Materials | Evolved 2 slots: Propulsion x2 1644 | -9/Materials | Discovered new exit (range 12) 1679 | -9/Materials | Build established: Scavenger-Mutant 2011 | -9/Materials | Discovered new exit (range 12) 2032 | -9/Materials | Entered another Materials area 2032 | -8/Materials | Evolved 2 slots: Utility x1, Weapon x1 2424 | -8/Materials | Build established: Scavenger-Skirmisher 2548 | -8/Materials | Destroyed 7 combat bots 2785 | -8/Materials | Discovered new exit (range 20) 2854 | -8/Materials | Entered Factory 2854 | -7/Factory | Evolved 2 slots: Utility x1, Weapon x1 3088 | -7/Factory | Lost 3 parts (1p1n1w) 3138 | -7/Factory | Build established: Gunner 3215 | -7/Factory | Discovered new exit (range 12) 3611 | -7/Factory | Lost 3 parts (2n1u) 3639 | -7/Factory | Garrison activated, responded to threat 3812 | -7/Factory | Entered Lower Caves 4024 | -7/Lower Caves | Lost 3 parts (1n1u1w) 4127 | -7/Lower Caves | Core integrity fell below 50% 4155 | -7/Lower Caves | Lost 4 parts (1n2u1w) 4186 | -7/Lower Caves | Attracted the attention of an 0b10 checkpoint 4188 | -7/Lower Caves | Core integrity fell below 20% 4203 | -7/Lower Caves | Discovered new exit (range 7) 4209 | -7/Lower Caves | Acquired the password to a Derelict Tinkerer's latest research 4214 | -7/Lower Caves | Entered another Lower Caves area 4221 | -7/Lower Caves | Discovered new exit (range 7) 4282 | -7/Lower Caves | Entered Factory 4282 | -6/Factory | Evolved 2 slots: Propulsion x1, Utility x1 4283 | -6/Factory | Identified exit to Lower Caves 4419 | -6/Factory | Build established: Mutant 4543 | -6/Factory | Discovered exit to Lower Caves (range 7) 4546 | -6/Factory | Entered Lower Caves 4579 | -6/Lower Caves | A Derelict revealed a hidden shortcut to meet someone special 4583 | -6/Lower Caves | Entered Data Miner 4583 | -6/Data Miner | Discovered new exit (range 6) 4591 | -6/Data Miner | Met Data Miner 4600 | -6/Data Miner | Learned location of Section 7 (-2) 4600 | -6/Data Miner | Acquired the access code to Warlord's prototype stash 4608 | -6/Data Miner | Received God Mode back door access code from Data Miner 4620 | -6/Data Miner | Entered Proximity Caves 4626 | -5/Proximity Caves | Escorted by Enhanced Grunt 4701 | -5/Proximity Caves | Learned Factory terminal intel 4706 | -5/Proximity Caves | Attracted the attention of an 0b10 checkpoint 4709 | -5/Proximity Caves | Core integrity fell below 50% 4724 | -5/Proximity Caves | Discovered new exit (range 16) 4729 | -5/Proximity Caves | Entered Factory 4729 | -5/Factory | Evolved 2 slots: Power x1, Utility x1 4730 | -5/Factory | Loaded intel: 28 terminal locations 4744 | -5/Factory | Lost 3 parts (2n1u) 4969 | -5/Factory | Core integrity fell below 50% 5011 | -5/Factory | Lost 10 parts (2p4n2u2w) 5053 | -5/Factory | Core integrity fell below 20% 5056 | -5/Factory | Garrison activated, responded to threat 5087 | -5/Factory | Destroyed by S-27 Virus with Autogun Last Messages --------------- 05051_ Imp. Cryofiber Web destroyed. 05051_ Acquired Lgt. Nuclear Core. 05055_ Acquired Autogun. 05056_ S-27 Virus calls for garrison reinforcements. 05056_ ALERT: Activating Garrison Access F002. 05058_ FZHFP#%OKYYO9TAIQC>9EAF7F1HA5>ZY7V#R 05060_ Scythe destroyed. 05060_ R-10 Processor collects Autogun. 05063_ R-10 Processor collects VTOL Module. 05063_ S-27 Virus destroyed. 05064_ Lgt. Nuclear Core destroyed. 05066_ R-10 Processor collects Autogun. 05074_ U-05 Engineer destroyed. 05080_ Imp. Cryofiber Web destroyed. 05080_ Autogun destroyed. 05080_ R-10 Processor collects VTOL Module. 05083_ R-10 Processor collects Wheel. 05083_ Targeting Computer destroyed. 05084_ Destroyed VTOL Module. 05085_ Scythe destroyed. Map ----- +----------------------------------------------------+ | ?????????????????????????????????????????????????? | | ?????????????????????????????????????????????????? | | ?????????????????????????????????????????????????? | | ?????????????????????????????????????????????????? | | ?????????????????????????????????????????????????? | | ???????????????????#?????????????????????????????? | | ???????????????????# ?????????????#??????????????? | | ???????????????????+ ???????? ? #??????????????? | | ???????????????????? ??????? #??????????????? | | ??????????????????###+####### #??????????????? | | ??????????????????# # #??????????????? | | ??????????????????# = # ^ #??????????????? | | ??????????????????# = =# #??????????????? | | ??#???????????????# = # #??????????????? | | ??+ ################+### #??????????????? | | ??? """ + ! #??????????????? | | ??? """ ################ #??????????????? | | ??????????????########### "" #??????????????? | | ??????????????#] * # F" #??????????????? | | ??????????????# # ! " ###########????? | | ??????????????# # ! "" # ? | | ??????????????# # | | ##????????????# # != | | +????????????# *# ! | | #????????????# usR%! | | +????????????# =#@ | | #????????????#####/##### ? | | #???????????????# ?????# ? | | #?????????????? ??????# = ##########/?? | | #?????????????# ???????# ######+#####???????????? | | +?????????????#????????#s#???? ??????????????? | | #?????###??????????????# #????" """ ????????????? | | #????? ?????# #### #???"" """?????????????? | | #????? #???"" """?????????????? | | #????? ??????###+#### #???? ???????????????? | | ######## #??????# # #???? ???????????????? | | ## #??????# + #???? ???????????????? | | ## #??????# ] ## #???? ???????????????? | | ## #??????# ## #???? ???????????????? | | ## ######## ## #??????????????????????? | | + + #? #??????????????????????? | | # ########? #??????????????????????? | | + ??? #??????????????????????? | | #################??##??????????????????????? | | #??????????????????????????????????????????? | | #??????????????????????????????????????????? | | #######??????????????????????????????????????????? | | | | | | | +----------------------------------------------------+ Best States ------------- Heat Dissipation 67 Energy Generation 28 Energy Capacity 490 Matter Stores 300 Matter Capacity 300 Sight Range 20 Terrain Scan Density 10 Jamming Range 12 Base Temperature (-) 150 Armor Coverage 150 Core Shielding 20 Evasion (%) 63 Targeting Accuracy 16 Core Analysis 6 Recoil Reduction 4 Item Schematics ----------------- Combat Drone Bay | -6/Data Miner | Free Lgt. Regenerative Plating | -6/Data Miner | Free Cld. Gravmag System | -6/Data Miner | Free Imp. Matter Compressor | -6/Data Miner | Free Tesla Bomb Launcher | -6/Data Miner | Free Myomer Leg | -6/Data Miner | Free Lrn. Sensor Array | -6/Data Miner | Free Micro-nuke Launcher | -6/Data Miner | Free Mni. Drone Bay | -6/Data Miner | Free Centrium Wheel | -6/Data Miner | Free Robot Schematics ------------------ L-41 Fighter | -6/Data Miner | Free B-48 Gladiator | -6/Data Miner | Free H-66 Slayer | -6/Data Miner | Free G-50 Soldier | -6/Data Miner | Free I-47 Archangel | -6/Data Miner | Free Fabricated ------------ Nothing Alien Tech Used ----------------- None Achievements -------------- Cya! Slippery One Total Silence Challenges ------------ None Game ------ Seed SniperDroneReplicator Manual? 0 Play Time 00:52:06 Cumulative 11.1 hours Start 2024.04.26 @ 21:20:01 End 2024.04.27 @ 20:46:00 Sessions 2 Manual Loads 0 Difficulty Rogue Special Mode None Game No. 19 Rogue 19 Adventurer 0 Explorer 0 Win Type - Total 0 Types 0/0/0/0/0/0/0/0/0 Lore% 10 Gallery% 21 Achievement% 20 Wizard Run 0 Options --------- Layout 0 ASCII 0 Keyboard 1 Movement Numpad Keybinds 0 Fullscreen 1 Font 24/X11 Map View 76x50 Zoom Use 0% Tactical HUD 1 Map Filters NONE Filters NONE Steam 1 RUN: e8521e9d-ab4f-4ad3-9712-8fe8c299ee03